 Dungeon Crawl Stone Soup version 0.31.0-32-g396128a36d (webtiles) character file.

Game seed: 14537773696860941120

5204 Silvore the Basher (level 10, -9/88 HPs)
             Began as a Minotaur Fighter on Apr 7, 2024.
             Was a Follower of the Shining One.
             Killed from afar by an electric eel (16 damage)
             ... with a bolt of electricity
             ... on level 8 of the Dungeon.
             The game lasted 00:11:30 (7921 turns).

Silvore the Basher (Minotaur Fighter)               Turns: 7921, Time: 00:11:30

Health: -9/88      AC: 12    Str: 30    XL:     10   Next: 35%
Magic:  9/9        EV: 12    Int:  5    God:    the Shining One [*.....]
Gold:   189        SH: 12    Dex: 11    Spells: 9/9 levels left

rFire   . . .        a - +2 flail
rCold   + . .        c - +1 buckler
rNeg    . . .        b - +0 scale mail
rPois   .            (helmet restricted)
rElec   .            (no cloak)
rCorr   .            A - +0 pair of gloves
SInv    .            l - +1 pair of boots
Will    .....        s - amulet of reflection Stlth
                     h - +6 ring of strength
HPRegen 0.34/turn    q - ring of protection from cold
MPRegen 0.11/turn

%: reflection
@: glowing
A: horns 2, retaliatory headbutt
a: Renounce Religion, Divine Shield


You were on level 8 of the Dungeon.
You worshipped the Shining One.
The Shining One was aware of your devotion.
You visited 2 branches of the dungeon, and saw 9 of its levels.

You collected 351 gold pieces.
You donated 162 gold pieces to Zin.

Inventory:

Hand Weapons
 a - a +2 flail (weapon)
Missiles
 k - 4 throwing nets (quivered)
Armour
 b - a +0 scale mail (worn)
 c - a +1 buckler (worn)
 l - a +1 pair of boots (worn)
 A - a +0 pair of gloves (worn)
Jewellery
 h - a +6 ring of strength (left hand)
 q - a ring of protection from cold (right hand)
 s - an amulet of reflection (around neck)
 t - an amulet of faith
 y - a ring of see invisible
 z - an amulet of magic regeneration
Scrolls
 d - a scroll of blinking
 e - a scroll of enchant weapon
 f - a scroll of identify
 j - 4 scrolls of teleportation
 m - a scroll of amnesia
 n - 3 scrolls of fog
 p - a scroll of vulnerability
 u - a scroll of immolation
 w - a scroll of fear
Potions
 g - 6 potions of curing
 i - a potion of brilliance
 o - 3 potions of heal wounds
 r - 2 potions of ambrosia
 x - a potion of lignification
 B - 2 potions of attraction
 C - a potion of resistance {unknown}
Miscellaneous
 v - a phial of floods


   Skills:
 + Level 7.9 Fighting
 + Level 10.9 Maces & Flails
 + Level 9.3 Armour
 + Level 4.8 Dodging
 + Level 0.6 Stealth
 + Level 9.3 Shields
 + Level 0.1 Invocations


You had 9 spell levels left.
You didn't know any spells.
Your spell library contained the following spells:

 Spells                   Type           Power      Damage    Failure   Level
 Freeze                   Ice            0%         1d3       73%         1
 Magic Dart               Conj           0%         1d3       73%         1
 Blink                    Tloc           0%         N/A       86%         2
 Call Imp                 Summ           0%         N/A       86%         2
 Ensorcelled Hibernation  Hex/Ice        0%         N/A       86%         2
 Mercury Vapours          Alch/Air       0%         N/A       86%         2
 Frozen Ramparts          Ice            0%         1d1       97%         3
 Fugue of the Fallen      Necr           0%         N/A       97%         3
 Hailstorm                Conj/Ice       0%         3d5       97%         3
 Mephitic Cloud           Conj/Alch/Air  0%         N/A       97%         3
 Anguish                  Hex/Necr       0%         N/A       100%        4
 Brom's Barrelling Bould  Conj/Erth      0%         2d3       100%        4
 Fireball                 Conj/Fire      0%         3d3       100%        5
 Freezing Cloud           Conj/Ice/Air   0%         6-21      100%        5
 Iskenderun's Battlesphe  Conj           0%         2d6       100%        5
 Conjure Ball Lightning   Conj/Air       0%         3x3d6     100%        6
 Orb of Destruction       Conj           0%         9d5       100%        7


Dungeon Overview and Level Annotations

Branches:
Dungeon (8/15)             Temple (1/1) D:4
   Lair: D:8-11

Altars:
Ashenzari
Cheibriados
Dithmenos
Elyvilon
Fedhas
Gozag
Hepliaklqana
Kikubaaqudgha
Makhleb
Okawaru
Qazlal
Ru
Sif Muna
Trog
Uskayaw
Vehumet
Wu Jian
Xom
Yredelemnul
Zin
The Shining One

Shops:
D:2 [   D:3 *

Annotations:
Temple 4 transporters


Innate Abilities, Weirdness & Mutations

You have a pair of horns on your head.
You reflexively headbutt those who attack you in melee.


Message History

You sock the wolf!
You kill the wolf!
You see here a wolf corpse.
The electric eel shoots out a bolt of lightning at you!
The bolt of electricity hits you!
The electric eel shoots out a bolt of lightning at you!
The bolt of electricity hits you.
You hear a shout!
You see here a wolf corpse.
Items here: †††††.
You see here a wolf corpse.
You start resting.
A shadow imp comes into view.
The electric eel shoots out a bolt of lightning at you!
The bolt of electricity hits the shadow imp.
The bolt of electricity hits you!
You sock the shadow imp!
You kill the shadow imp!
The Shining One accepts your kill.
The electric eel shoots out a bolt of lightning at you!
The bolt of electricity hits you.
An electric eel comes into view.
The electric eel shoots out a bolt of lightning at you!
The bolt of electricity hits you!
The electric eel shoots out a bolt of lightning at you!
The bolt of electricity misses you.
The electric eel shoots out a bolt of lightning at you!
The bolt of electricity misses you.
The electric eel shoots out a bolt of lightning at you!
The bolt of electricity hits you!
* * * LOW HITPOINT WARNING * * *
The electric eel shoots out a bolt of lightning at you!
The bolt of electricity hits you!
* * * LOW HITPOINT WARNING * * *
The electric eel shoots out a bolt of lightning at you!
The bolt of electricity hits you.
* * * LOW HITPOINT WARNING * * *
The electric eel shoots out a bolt of lightning at you!
The bolt of electricity hits you!
You die...

#......................
.#..............#.....
#.#.##########.#.....
#>#.# #.#..... #.#†#
#.#..... #.#†## ..
#.#..... #.#..###....
..#..... #...........
..###### ####@###....
... ###.###....
#.......... #......~...
#.~..~$~... #....~.~~~≈
#.~S~~~.S≈≈ #...≈≈~≈~≈≈
....S≈≈≈~≈≈


You could see 2 electric eels.

Vanquished Creatures
  The ghost of Dvallin the Ruffian, a novice NaSh of Cheibriados (D:5)
  Jeremiah (D:8)
  A troll (D:8)
  The ghost of jimmypageman the Shield-Bearer, an amateur MiFi (D:4)
  2 steam dragons (D:6)
  Menkaure (D:6)
  3 water moccasins
  2 ice beasts
  A sky beast (D:7)
  5 black bears
  An orc warrior (D:6)
  2 ogres (D:6)
  A centaur (D:6)
  2 wolves (D:8)
  A phantom (D:6)
  A kobold brigand (D:7)
  3 bullfrogs
  3 scorpions
  18 killer bees
  4 howler monkeys
  4 jellies
  3 orc priests (D:6)
  4 hounds
  A gnoll bouda (D:4)
  A sleepcap (D:5)
  3 iguanas
  6 orc wizards
  Robin (D:3)
  12 gnolls
  A river rat (D:4)
  5 adders
  A shadow imp (D:8)
  2 white imps (D:6)
  3 dart slugs
  12 orcs
  8 ball pythons
  14 endoplasms
  6 giant cockroaches
  17 goblins
  12 hobgoblins
  5 jackals
  5 kobolds
  3 quokkas (D:1)
  5 bats
  3 frilled lizards
  8 rats
199 creatures vanquished.

Notes
Turn   | Place    | Note
-------+----------+-------------------------------------------
     0 | D:1      | Silvore the Minotaur Fighter began the quest for the Orb.
     0 | D:1      | Reached XP level 1. HP: 19/19 MP: 0/0
   113 | D:1      | Found a faded altar of an unknown god.
   134 | D:1      | Reached XP level 2. HP: 27/27 MP: 1/1
   423 | D:1      | Reached skill level 3 in Maces & Flails
   494 | D:1      | Reached XP level 3. HP: 33/33 MP: 2/2
   831 | D:2      | Found the +5 woodcutter's axe
  1328 | D:2      | Found Zuife's Antique Armour Emporium.
  1546 | D:3      | Reached XP level 4. HP: 30/40 MP: 3/3
  1756 | D:3      | Found a hide-covered altar of Uskayaw.
  2099 | D:3      | Found Hoceitoll's General Store.
  2274 | D:3      | Noticed Robin
  2280 | D:3      | Reached skill level 4 in Maces & Flails
  2351 | D:3      | Reached skill level 1 in Dodging
  2369 | D:3      | Killed Robin
  2650 | D:4      | Found a runed translucent door.
  2660 | D:4      | Noticed jimmypageman's ghost (amateur MiFi)
  2660 | D:4      | Noticed a bullfrog
  2677 | D:4      | Noticed a black bear
  2682 | D:4      | Killed a black bear
  2683 | D:4      | Reached XP level 5. HP: 37/47 MP: 4/4
  2703 | D:4      | Reached skill level 5 in Armour
  2894 | D:4      | Found a snail-covered altar of Cheibriados.
  3059 | D:4      | Found a staircase to the Ecumenical Temple.
  3068 | Temple   | Found a transporter.
  3068 | Temple   | Found a transporter.
  3068 | Temple   | Found a transporter.
  3068 | Temple   | Found a transporter.
  3068 | Temple   | Entered the Ecumenical Temple
  3086 | Temple   | Became a worshipper of Elyvilon the Healer
  3148 | D:4      | Reached XP level 6. HP: 52/53 MP: 5/5
  3149 | D:4      | Reached skill level 5 in Maces & Flails
  3789 | D:4      | Found a runed translucent door.
  3884 | D:4      | Killed jimmypageman's ghost
  3885 | D:4      | Reached skill level 5 in Fighting
  3885 | D:4      | Reached skill level 6 in Maces & Flails
  3885 | D:4      | Reached XP level 7. HP: 13/61 MP: 6/6
  4116 | D:5      | Entered Level 5 of the Dungeon
  4126 | D:5      | Identified the +2 ring mail of Indomitability {rPois Regen+
                  | Dex+2 SInv}
  4140 | D:5      | Reached skill level 5 in Shields
  4177 | D:5      | Found a bloodstained altar of Trog.
  4259 | D:5      | Reached * piety under Elyvilon
  4406 | D:5      | You fall into a shaft and drop 1 floor!
  4422 | D:6      | Found a glowing silver altar of Zin.
  4422 | D:6      | Noticed a steam dragon
  4433 | D:6      | Killed a steam dragon
  4556 | D:6      | Fell from the grace of Elyvilon
  4556 | D:6      | Became a worshipper of Zin the Law-Giver
  4556 | D:6      | Reached * piety under Zin
  4599 | D:6      | Found a stormy altar of Qazlal.
  4672 | D:6      | Noticed Menkaure
  4678 | D:6      | Killed Menkaure
  4679 | D:6      | Reached skill level 7 in Maces & Flails
  4679 | D:6      | Reached XP level 8. HP: 69/69 MP: 7/7
  4840 | D:5      | Found a runed translucent door.
  4841 | D:5      | Noticed Dvallin's ghost (novice NaSh)
  4893 | D:5      | Killed Dvallin's ghost
  5198 | D:5      | Reached ** piety under Zin
  5537 | D:6      | Reached skill level 8 in Maces & Flails
  5556 | D:6      | Reached XP level 9. HP: 56/78 MP: 8/8
  5792 | D:6      | Reached skill level 9 in Maces & Flails
  6527 | D:7      | Found a radiant altar of Vehumet.
  6528 | D:7      | Found a broken altar of Ashenzari.
  6530 | D:7      | Found a glowing golden altar of the Shining One.
  6534 | D:7      | Reached skill level 10 in Maces & Flails
  6541 | D:7      | Donated 131 gold pieces to Zin
  6759 | D:7      | Reached XP level 10. HP: 65/88 MP: 9/9
  7217 | D:7      | Fell from the grace of Zin
  7217 | D:7      | Became a worshipper of the Shining One
  7217 | D:7      | Reached * piety under the Shining One
  7640 | D:8      | Noticed Jeremiah
  7665 | D:8      | Killed Jeremiah
  7921 | D:8      | Killed from afar by an electric eel

Illustrated notes

Levels and vault maps discovered:
D:1:      psy_arrival_radial01, layout_basic,
          shapermc_ecumenical_altar_mp_highgroup, minmay_heptomino_l4
D:2:      layout_basic, serial_shops, nicolae_shop_crystal,
          minmay_worlds_worst_comb
D:3:      kennysheep_goblin_castle, layout_loops_ring,
          eat_drink_and_be_merry_uskayaw, serial_shops, nicolae_shop_tiny_glass,
          hex_tiny
D:4:      layout_basic, nicolae_overflow_crystal_walls,
          minmay_temple_entry_antechambers, ebering_ghost_sewer_f
D:5:      layout_gridville, kennysheep_little_box, ebering_ghost_inner_flame,
          kennysheep_small_spiral
D:6:      minmay_bubble_buster, layout_loops_ring, mainiacjoe_overflow_brackets,
          mainiacjoe_overflow_24_doors, uniq_menkaure
D:7:      layout_loops_ring, minitemple
D:8:      layout_basic, erik_lair_island, gammafunk_ghost_smash,
          kennysheep_potato, uniq_jeremiah
Temple:   hellmonk_temple_divided_pantheon

Skill      XL: |  1  2  3  4  5  6  7  8  9 10 |
---------------+-------------------------------+-----
Fighting       | 4 5 6 7 |  7.9
Maces & Flails | 3 4 6 7 8 10 | 10.9
Armour         | 4 5 6 8 9 |  9.3
Shields        | 4 5 6 8 9 |  9.3
Dodging        | 1 2 3 4 |  4.8
Stealth        | |  0.6
Invocations    | |  0.1

Action                     |  1- 3 |  4- 6 |  7- 9 | 10-12 || total
---------------------------+-------+-------+-------+-------++-------
  Melee: Flail             |   117 |   141 |   266 |    56 ||   580
         Headbutt          |    11 |    22 |    47 |    10 ||    90
 Invoke: Recite            |       |       |     1 |       ||     1
         Donate Gold       |       |       |     1 |       ||     1
    Use: Scroll            |     7 |     3 |     9 |     2 ||    21
         Potion            |       |     3 |     6 |       ||     9
 Armour: Scale mail        |    77 |   143 |   167 |    38 ||   425
  Dodge: Dodged            |    51 |   101 |    91 |    24 ||   267
  Block: Buckler           |    24 |    50 |   168 |    34 ||   276
         Reflection        |       |       |     3 |       ||     3
